 Dungeon Crawl Stone Soup version 0.27-a0-1078-g0d77da13b5 (webtiles) character file.

Game seed: 12095249592928660721

266 Lakar the Digger (level 6, -11/32 HPs)
             Began as a Gargoyle Earth Elementalist on Apr 25, 2021.
             Killed by divine providence
             ... invoked by an orc priest
              (17 damage)
             ... on level 7 of the Dungeon.
             The game lasted 00:08:22 (2832 turns).

Lakar the Digger (Gargoyle Earth Elementalist)      Turns: 2832, Time: 00:08:23

Health: -11/32     AC: 13    Str: 12    XL:     6   Next: 20%
Magic:  0/11       EV: 11    Int: 17    God:
Gold:   762        SH:  0    Dex: 10    Spells: 3/12 levels left

rFire    . . .     SeeInvis .   l - +0 mace (protect)
rCold    . . .     Faith    .   (no shield)
rNeg     + . .     Spirit   .   c - +0 robe
rPois    ∞         Reflect  .   (no helmet)
rElec    +         Harm     .   (no cloak)
rCorr    +         Rampage  .   (no gloves)
Will     .....                  (no boots)
Stlth    ++........             (no amulet)
HPRegen  0.10/turn              h - ring of resist corrosion
MPRegen  0.12/turn              (no ring)

@: under a protective aura
A: AC +4, negative energy resistance 1, electricity resistance, torment
resistance 1, unbreathing 1, petrification resistance
a: no special abilities


You were on level 7 of the Dungeon.
You visited 1 branch of the dungeon, and saw 6 of its levels.

You collected 1118 gold pieces.
You spent 356 gold pieces at shops.

Inventory:

Hand Weapons
 f - a +0 short sword
 i - a +0 spectral mace
 l - a +0 mace of protection (weapon)
Missiles
 b - 138 stones
Armour
 c - a +0 robe (worn)
Jewellery
 h - a ring of resist corrosion (left hand)
Scrolls
 d - a scroll of enchant weapon
 j - a scroll of identify
 m - a scroll of fog
 n - a scroll of amnesia
Potions
 e - a potion of attraction


   Skills:
 - Level 1.5 Dodging
 - Level 2.1 Stealth
 + Level 3.8 Spellcasting
 + Level 3.1 Conjurations
 - Level 0.7 Transmutations
 + Level 5.7 Earth Magic


You had 3 spell levels left.
You knew the following spells:

 Your Spells              Type           Power      Damage    Failure   Level
a - Sandblast             Erth           44%        2d11      1%          1
b - Stone Arrow           Conj/Erth      36%        3d9       8%          3
c - Lee's Rapid Deconstr  Erth           11%        3d9*      38%         5

Your spell library contained the following spells:

 Spells                   Type           Power      Damage    Failure   Level
 Passwall                 Tmut/Erth      11%        N/A       6%          2
 Petrify                  Tmut/Erth      14%        N/A       38%         4


Dungeon Overview and Level Annotations

Branches:
Dungeon (7/15)
 Temple: D:4-7

Altars:

Shops:
D:1 ?

Annotations:
D:5 Sigmund


Innate Abilities, Weirdness & Mutations

Your stone body is resilient. (AC +4)
You are immune to poison.
You resist negative energy. (rN+)
You are resistant to electric shocks. (rElec)
You are resistant to unholy torment.
You can survive without breathing.
You are immune to petrification.


Message History

Your weapon exudes an aura of protection.
The orc priest is severely wounded.
The orc priest hits you but does no damage.
You hit the orc priest.
The orc priest is almost dead.
The orc priest invokes the aid of Beogh against you.
Beogh smites you!
* * * LOW HITPOINT WARNING * * *
The orc priest invokes the aid of Beogh against you.
You barely resist.
You aren't carrying any items that you can evoke.
You feel better.
The orc priest hits you but does no damage.
You hit the orc priest but do no damage.
The orc priest is almost dead.
The orc priest closely misses you.
Casting: Sandblast (safe; 1% risk of failure)
Confirm with . or Enter, or press ? or * to list all spells.
Aiming: Sandblast (safe; 1% risk of failure)
Press: ? - help, Shift-Dir - straight line, f/p - orc priest
Aim: an orc priest, wielding a +0 dagger and wearing a +0 chain mail (almost dead, 86% to hit)
The blast of sand hits the orc priest but does no damage.
The orc priest is almost dead.
The orc priest misses you.
You hit the orc priest but do no damage.
The orc priest is almost dead.
The orc priest invokes the aid of Beogh against you.
Beogh smites you!
* * * LOW HITPOINT WARNING * * *
The orc priest hits you but does no damage.
You hit the orc priest but do no damage.
The orc priest is almost dead.
The orc priest hits you but does no damage.
Okay, then.
As you read the scroll of summoning, it crumbles to dust.
Wisps of shadow whirl around you...
The orc priest calls down the wrath of Beogh upon you.
Beogh smites you!
Ouch! That really hurt!
You die...

..#.. ..# # #.#.# #.#
###. #.#.# #.#
....###.#.# #.#
.....g....># #.##########
...g.......###...........
....g...g......#######.##
......g....###+#### #.#
.#....##@#......... #.#
......##o#......... #.#
.........o......... #.#
.......#.#......... #.#
.......#....)...... #.#
..?....#.#......... #.#
......o............ #.#
#.....##.#......... #.#
#..### #.#.....#+# #.#


You could see an orc priest (ally target), a friendly gnoll shaman (summoned,
wandering), 4 friendly gnolls and a friendly orc (summoned).

Vanquished Creatures
  A sky beast (D:7)
  Jessica (D:2)
  A killer bee zombie (D:7)
  5 adders
  2 dart slugs
  2 orcs (D:7)
  5 ball pythons
  4 endoplasms
  5 giant cockroaches
  4 goblins
  7 hobgoblins
  6 jackals
  4 kobolds
  4 quokkas
  4 bats
  2 frilled lizards
  24 rats
81 creatures vanquished.

Notes
Turn   | Place    | Note
-------+----------+-------------------------------------------
     0 | D:1      | Lakar the Gargoyle Earth Elementalist began the quest for
                  | the Orb.
     0 | D:1      | Reached XP level 1. HP: 10/10 MP: 3/3
    86 | D:1      | Reached skill level 4 in Earth Magic
    86 | D:1      | Reached XP level 2. HP: 15/15 MP: 3/5
   756 | D:1      | Found a faded altar of an unknown god.
   799 | D:1      | Reached XP level 3. HP: 16/19 MP: 6/6
   803 | D:1      | Learned a level 3 spell: Stone Arrow
   889 | D:1      | You fall into a shaft and drop 1 floor!
   924 | D:1      | Found Tytsargh's Magic Scroll Shop.
   932 | D:1      | Bought a scroll of noise for 11 gold pieces
  1078 | D:1      | Bought a scroll of identify for 22 gold pieces
  1194 | D:2      | Noticed Jessica
  1198 | D:2      | Killed Jessica
  1199 | D:2      | Reached skill level 1 in Conjurations
  1199 | D:2      | Reached XP level 4. HP: 24/24 MP: 6/8
  1455 | D:2      | Identified a scroll of acquirement
  1455 | D:2      | Acquired 1031 gold pieces
  2000 | D:1      | Bought a scroll of enchant weapon for 82 gold pieces
  2000 | D:1      | Bought a scroll of identify for 22 gold pieces
  2000 | D:1      | Bought a scroll of identify for 22 gold pieces
  2000 | D:1      | Bought a scroll of summoning for 104 gold pieces
  2000 | D:1      | Bought a scroll of teleportation for 33 gold pieces
  2000 | D:1      | Bought a scroll of fog for 22 gold pieces
  2000 | D:1      | Bought a scroll of amnesia for 38 gold pieces
  2048 | D:3      | Reached skill level 5 in Earth Magic
  2194 | D:3      | Reached XP level 5. HP: 27/28 MP: 9/9
  2200 | D:3      | Learned a level 5 spell: Lee's Rapid Deconstruction
  2564 | D:3      | You fall into a shaft and drop 2 floors!
  2564 | D:5      | Entered Level 5 of the Dungeon
  2641 | D:5      | Noticed Sigmund
  2655 | D:5      | You fall into a shaft and drop 1 floor!
  2655 | D:6      | Noticed an orc warrior
  2655 | D:6      | Noticed a sky beast
  2665 | D:7      | Killed a sky beast
  2666 | D:7      | Reached XP level 6. HP: 28/32 MP: 3/11
  2832 | D:7      | Killed from afar by an orc priest

Illustrated notes

Levels and vault maps discovered:
D:1:      scummos_arrival_forest, layout_rooms,
          hellmonk_ecumenical_altar_heavens_door, serial_shops, shop,
          hangedman_feature_mirror, minmay_pentomino_o2
D:2:      layout_basic, minmay_misc_feat_enclosed, uniq_jessica
D:3:      layout_rooms, nicolae_gozag_cash_rules_everything_around_me,
          grunt_decor_mini_mirrors, serial_bayou_pond_d, minmay_rat_hole
D:5:      layout_cave_pools, chequers_temple_overflow_statue_of_worship,
          elyvilon_altar_1, kennysheep_okawaru_gauntlet, uniq_sigmund
D:6:      minmay_diamond_boxcup, layout_loops_ring, kennysheep_mini,
          minmay_temple_entry_trees, grunt_ministairs_3, uniq_maggie
D:7:      layout_basic, tso_altar

Skill      XL: |  1  2  3  4  5 |
---------------+----------------+-----
Earth Magic    | 4 5 |  5.7
Conjurations   | 1 2 3 |  3.1
Spellcasting   | 3 |  3.8
Dodging        | |  1.5
Stealth        | |  2.1
Transmutations | |  0.7

Action                   |  1- 3 |  4- 6 || total
-------------------------+-------+-------++-------
Melee: Unarmed           |     9 |       ||     9
       Club              |    21 |       ||    21
       Short sword       |    21 |   125 ||   146
       Mace              |       |    24 ||    24
 Cast: Sandblast         |    23 |    42 ||    65
  Use: Scroll            |     3 |     6 ||     9
       Potion            |       |     6 ||     6
 Stab: Sleeping          |     1 |     1 ||     2
Armor: Robe              |    21 |    76 ||    97
Dodge: Dodged            |    43 |   108 ||   151

Table legend: (Time is in decaauts)
 A = Elapsed time spent in this place.
 B = Non-inter-level travel time spent in this place.
 C = Inter-level travel time spent in this place.
 D = Time resting spent in this place.
 E = Time spent auto-exploring this place.
 F = Levels seen in this place.
 G = Mean time per level.
                   A        B        C        D        E       F      G
               +--------+--------+--------+--------+--------+-----+--------+
         Total |   2863 |   2750 |    113 |    319 |   1632 |   6 |  477.2 |
       Dungeon |   2863 |   2750 |    113 |    319 |   1632 |   6 |  477.2 |
               +--------+--------+--------+--------+--------+-----+--------+

Top non-repeatable levels by time:
     D:2: 1080 daAuts
     D:1: 972 daAuts
     D:3: 534 daAuts
     D:7: 182 daAuts
     D:5: 90 daAuts
     D:6: 2 daAuts
